 Dungeon Crawl Stone Soup version 0.13.0-59-g13bd910 (webtiles) character file.

303 Lilouch the Magician (level 4, 0/30 HPs)
             Began as a Mummy Fire Elementalist on Nov 21, 2013.
             Shot with an arrow by a centaur (4 damage)
             ... on Level 4 of the Dungeon.
             The game lasted 00:18:58 (4124 turns).

Lilouch the Magician (Mummy Fire Elementalist)      Turns: 4124, Time: 00:18:58

HP   0/30        AC  7     Str 11      XL: 4   Next: 74%
MP   7/9         EV 11     Int 15      God:
Gold 184         SH  6     Dex 12      Spells:  3 memorised,  3 levels left

Res.Fire  : x . .   See Invis. : .   K - +2,+0 elf whip
Res.Cold  : + . .   Warding    : .   C - +0 robe (curse)
Life Prot.: + + +   Conserve   : .   x - +0 buckler (curse)
Res.Poison: +       Res.Corr.  : .   l - +2 helmet
Res.Elec. : .       Clarity    : .   (no cloak)
Sust.Abil.: + .     Spirit.Shd : .   (no gloves)
Res.Mut.  : .       Stasis     : .   (no boots)
Res.Rott. : +       Flight     : .   p - amulet of inaccuracy {unknown}
Saprovore : . . .                    r - +2 ring of protection
                                     A - ring of sustain abilities {unknown}

@: slightly resistant to hostile enchantments, unstealthy
A: no food or potions, fire vulnerability, restore body, cold resistance 1, life
protection 3, poison resistance, torment resistance, unbreathing
a: no special abilities


You were on level 4 of the Dungeon.
You were not hungry.

You visited 1 branch of the dungeon, and saw 4 of its levels.

You collected 164 gold pieces.

Inventory:

Hand weapons
 e - a +0,+1 hand axe (quivered)
 t - a +0,+0 long sword
 u - a -1,+1 orcish club
 v - a +0,+0 orcish club
 y - a -1,+1 orcish club
 E - a +0,+0 dagger
 G - a +1,+1 dagger of venom
 K - a +2,+0 elven whip (weapon)
Missiles
 D - 7 poisoned needles
 F - a dart of flame
 L - 7 darts of frost
Armour
 f - a +0 elven shield
 l - a +2 helmet (worn)
 m - a +0 robe
 x - a cursed +0 buckler (worn)
 C - a cursed +0 robe (worn)
 H - a +0 robe
Comestibles
 a - 2 meat rations
 k - 3 bread rations
 J - an apple
Scrolls
 d - 3 scrolls of fear {unknown}
 h - a scroll of magic mapping {unknown}
 i - a scroll of recharging {unknown}
 j - 5 scrolls of identify {unknown}
 n - a scroll of enchant weapon II {unknown}
 o - a scroll of remove curse {unknown}
 q - a scroll of teleportation {unknown}
Jewellery
 g - an uncursed ring of see invisible {unknown}
 p - an amulet of inaccuracy (around neck) {unknown}
 r - a +2 ring of protection (right hand)
 A - a ring of sustain abilities (left hand) {unknown}
Potions
 c - 2 potions of brilliance {unknown}
 s - a potion of speed {unknown}
 w - a potion of mutation {unknown}
 z - 3 potions of curing {unknown}
 B - a potion of slowing {unknown}
 I - a potion of might {unknown}
Books
 b - a book of Flames

   Spells                             Type                      Level
   *Flame Tongue                      Conjuration/Fire             1
   *Throw Flame                       Conjuration/Fire             2
   *Conjure Flame                     Conjuration/Fire             3
   Inner Flame                        Hexes/Fire                   3
   Sticky Flame                       Conjuration/Fire             4
   Fireball                           Conjuration/Fire             5


   Skills:
 - Level 1.5 Dodging
 - Level 1.5 Stealth
 * Level 0.0 Shields
 * Level 3.1 Spellcasting
 + Level 2.0 Conjurations
 + Level 2.9 Fire Magic


You had 3 spell levels left.
You knew the following spells:

 Your Spells              Type           Power        Failure   Level  Hunger
a - Flame Tongue          Conj/Fire      #....        12%         1    N/A
b - Throw Flame           Conj/Fire      #.....       14%         2    N/A
c - Conjure Flame         Conj/Fire      #.......     28%         3    N/A

Dungeon Overview and Level Annotations

Branches:
Dungeon (4/27)
 Temple: D:4-7

Altars:

Annotations:
D:3 Grinder


Innate Abilities, Weirdness & Mutations

You do not eat or drink.
Your flesh is vulnerable to fire.
Your flesh is cold resistant.
You are immune to negative energy.
Your system is resistant to poisons.
You are immune to unholy pain and torment.
You can survive without breathing.


Message History

t - a long sword;
L - 7 darts of frost A centaur comes into view.
The centaur shouts!
Casting: Flame Tongue
Confirm with . or Enter, or press ? or * to list all spells.
Aiming: Throw Flame
Press: ? - help, Shift-Dir - straight line, f - centaur
Aim: a centaur The puff of flame hits the centaur.
The centaur is lightly wounded.
The centaur wields a bow.
The centaur shoots an arrow.
The arrow hits you!
The centaur shoots an arrow.
The arrow hits you!
* * * LOW HITPOINT WARNING * * *
The centaur shoots an arrow.
The arrow hits you!
* * * LOW HITPOINT WARNING * * *
The centaur shoots an arrow.
The arrow hits you!
* * * LOW HITPOINT WARNING * * *
You see here 2 arrows.
The centaur shoots an arrow.
The arrow hits you!
You die...

#.#####....#####
#..........# #..........#
###..........#
.............#
###########..# #
#..###########.. #
#................ #
#.....@..........
###########....(###########
...^............#
....%..........(#
#####<..........# #
#...........# #
#.........).# #
#..........c# #
#...........#


You could see a centaur.

Vanquished Creatures
  7 adders
  5 giant geckos
  An ooze (D:1)
  3 bats
  4 goblins
  8 hobgoblins
  5 jackals
  4 kobolds
  A ball python (D:1)
  6 giant cockroaches
  2 giant newts
  3 rats
49 creatures vanquished.

Notes
Turn   | Place    | Note
--------------------------------------------------------------
     0 | D:1      | Lilouch, the Mummy Fire Elementalist, began the quest for the Orb.
     0 | D:1      | Reached XP level 1. HP: 13/13 MP: 3/3
   436 | D:1      | Reached skill level 1 in Conjurations
   682 | D:1      | Reached XP level 2. HP: 19/19 MP: 2/4
  1648 | D:2      | Learned a level 2 spell: Throw Flame
  1658 | D:2      | Reached XP level 3. HP: 18/24 MP: 0/6
  2143 | D:2      | Reached XP level 4. HP: 20/30 MP: 0/8
  2663 | D:2      | Reached skill level 3 in Spellcasting
  3779 | D:3      | Noticed Grinder
  3790 | D:3      | Paralysed by Grinder for 4 turns
  3804 | D:3      | Paralysed by Grinder for 6 turns
  4105 | D:4      | Learned a level 3 spell: Conjure Flame
  4118 | D:4      | Noticed a centaur
  4124 | D:4      | Shot with an arrow by a centaur

Action                   |  1- 3 |  4- 6 || total
-------------------------+-------+-------++-------
Melee: Mace              |    25 |       ||    25
       Whip              |       |    11 ||    11
Throw: Club              |    18 |    16 ||    34
       Dart              |    14 |     1 ||    15
       Hand axe          |     4 |     6 ||    10
       Dagger            |     1 |     2 ||     3
 Cast: Flame Tongue      |    55 |    31 ||    86
       Throw Flame       |     4 |     7 ||    11
